Ice Caps vs Senators

Created - Tuesday, February 10, 2015 at 00:41

Goals
1 2 3 OT1 SO T
Ice Caps 0 0 1 0 1 2
Senators 0 1 0 0 0 1
Shots
1 2 3 OT1 SO T
Ice Caps 10 3 9 1 3 23
Senators 4 15 11 2 3 32

1st period

No Goal

Penalties :
Colton Orr (BIN) for Fighting (Major) at 0:27, Scott Mayfield (STJ) for Fighting (Major) at 0:27, Andrew MacWilliam (BIN) for Diving (Minor) at 8:07, Colton Orr (BIN) for Fighting (Major) at 19:19, Seth Helgeson (STJ) for Fighting (Major) at 19:19

2nd period

1. Senators , Colton Orr 27 (Josh Leivo, Martin St. Pierre) at 17:23 (PP)

Penalties :
John Scott (BIN) for Hooking (Minor) at 5:55, Travis Ewanyk (STJ) for Tripping (Minor) at 9:42, Brandon Davidson (STJ) for Tripping (Minor) at 17:05

3rd period

2. Ice Caps , Oscar Klefbom 19 (Colin Smith) at 9:03

Penalties :
Scott Mayfield (STJ) for High sticking (Minor) at 1:48, Scott Mayfield (STJ) for Hooking (Minor) at 9:47

Overtime #1

No Goal

Penalties :
No Penalty

Shootout

Penalty Shot by Greg McKegg for Ice Caps - Goal!
Penalty Shot by Emerson Etem for Senators - Stopped by Nathan Lieuwen
Penalty Shot by Freddie Hamilton for Ice Caps - Shot Misses the Net
Penalty Shot by John Scott for Senators - Stopped by Nathan Lieuwen
Penalty Shot by Garret Ross for Ice Caps - Shot Misses the Net
Penalty Shot by Kyle Chipchura for Senators - Shot Misses the Net

Penalties :
No Penalty

Goalie Stats

Nathan Lieuwen (STJ), 31 saves from 32 shots - (0.969), W, 28-10-13, 65:00 minutes
Jean-Francois Berube (BIN), 22 saves from 23 shots - (0.957), OTL, 32-12-10, 65:00 minutes

Players Stats for Ice Caps

Player Name              G  A  P  +/- PIM S  H  SB GA TA FO     MP     PP MP  PK MP  
------------------------------------------------------------------------------------
Brandon Davidson         0  0  0   0  2   0  0  1  1  0  0/0    22:37   1:59   2:15 
Colin Jacobs             0  0  0   0  0   0  1  0  1  0  3/5     8:44   0:00   0:00 
Colin Smith              0  1  1   1  0   1  4  0  4  1  8/11   17:34   1:57   0:00 
Corey Cowick             0  0  0   1  0   1  2  1  0  0  0/0    20:13   1:57   1:22 
Daniil Tarasov           0  0  0   1  0   3  1  0  6  0  0/0    18:31   1:57   0:57 
Freddie Hamilton         0  0  0   0  0   2  6  0  4  0  1/1    19:35   2:01   3:56 
Garret Ross              0  0  0   0  0   2  1  0  0  0  2/2    13:58   2:01   0:57 
Greg McKegg              0  0  0   0  0   1  3  0  1  0  8/17   23:56   1:31   4:13 
Joel Edmundson           0  0  0   0  0   0  0  0  0  0  0/0     5:30   0:00   0:00 
Klas Dahlbeck            0  0  0   1  0   1  4  2  1  1  0/0    22:56   1:59   4:00 
Kory Nagy                0  0  0   0  0   1  2  0  3  0  1/2    16:56   0:00   1:05 
Oscar Klefbom            1  0  1   1  0   8  0  3  3  1  0/0    27:20   1:59   4:00 
Rasmus Rissanen          0  0  0   0  0   1  0  1  0  1  0/0    16:50   0:00   1:04 
Rylan Schwartz           0  0  0   0  0   0  1  1  2  1  6/12   18:17   0:30   0:00 
Scott Mayfield           0  0  0   0  9   0  1  1  0  0  0/0    19:49   1:59   1:11 
Seth Helgeson            0  0  0   0  5   0  0  0  1  1  0/0    15:25   0:00   0:00 
Travis Ewanyk            0  0  0   0  2   2  3  0  1  2  1/1    16:44   0:00   0:00 
Troy Bourke              0  0  0   0  0   0  0  0  2  0  0/0     8:44   0:00   0:00 

Players Stats for Senators

Player Name              G  A  P  +/- PIM S  H  SB GA TA FO     MP     PP MP  PK MP  
------------------------------------------------------------------------------------
Andrew MacWilliam        0  0  0   0  2   1  2  0  0  0  0/0    17:23   0:00   1:39 
Colton Orr               1  0  1   0  10  2  2  0  3  0  0/0    14:51   2:57   0:49 
Daine Todd               0  0  0   0  0   2  0  1  2  2  5/8    20:03   0:22   0:00 
David Broll              0  0  0   0  0   1  4  0  0  0  1/2    17:33   0:00   0:00 
Emerson Etem             0  0  0  -1  0   2  0  1  2  1  3/9    24:11   2:56   2:12 
Evan Trupp               0  0  0   0  0   0  2  0  1  1  2/6     8:01   0:00   0:00 
Greg Nemisz              0  0  0   0  0   4  0  0  1  0  0/0    18:15   0:00   0:00 
Greg Pateryn             0  0  0   0  0   0  2  2  0  0  0/0    23:36   3:12   1:09 
Jesse Blacker            0  0  0   0  0   1  1  2  1  2  0/0    15:26   0:00   0:00 
John Scott               0  0  0  -1  2   2  3  2  1  1  0/0    24:20   3:03   1:10 
Josh Leivo               0  1  1   0  0   8  1  1  2  2  0/1    18:18   2:57   0:00 
Kenny Ryan               0  0  0   0  0   0  0  0  0  0  0/0     0:38   0:00   0:00 
Korbinian Holzer         0  0  0   0  0   2  0  1  0  1  0/0    23:36   3:12   1:09 
Kyle Chipchura           0  0  0  -1  0   0  1  0  0  0  4/12   19:49   3:18   2:54 
Martin St. Pierre        0  1  1   0  0   4  2  0  1  1  5/11   18:35   2:57   0:15 
Mike Brown               0  0  0  -1  0   3  2  0  3  0  0/0    15:34   3:18   0:49 
Steve Eminger            0  0  0  -1  0   0  1  3  0  2  0/0    25:58   3:03   2:49 
Tyler Biggs              0  0  0   0  0   0  2  0  0  1  1/2     9:51   0:00   0:57 

3 Stars

1 - Nathan Lieuwen (STJ)
2 - Jean-Francois Berube (BIN)
3 - Oscar Klefbom (STJ)

Power Play

Ice Caps - 0 on 2 Attempt(s) - 0.00%
Senators - 1 on 4 Attempt(s) - 25.00%

Penalty Kill

Ice Caps - 3 on 4 Attempt(s) - 75.00% - Score 0 goal in Penalty Kill
Senators - 2 on 2 Attempt(s) - 100.00% - Score 0 goal in Penalty Kill

Team Stat

Ice Caps - Hits : 29 - Faceoff Wins : 30 - Blocked Shots : 10 - Penalty Minutes : 18
Senators - Hits : 25 - Faceoff Wins : 21 - Blocked Shots : 13 - Penalty Minutes : 14

Official

Referees : Unknown
Linesman : Unknown

Game Notes

Colton Orr and Scott Mayfield fight to a draw at 0:27 of 1st period
Colton Orr and Seth Helgeson fight to a draw at 19:19 of 1st period

Finance

Level 1 -- Attendance: 1459 (72.95%) -- Ticket Income $51,065
Level 2 -- Attendance: 758 (75.80%) -- Ticket Income $11,370
Total Attendance: 2217 (73.90%)
Total Ticket Income: $62,435
Other Income: $30,593
Total Income: $93,028

Ice Caps

5 vs 5 Forward 
   Center                   Left Wing                Right Wing               Time % Phy DF OF 
 1 Greg McKegg              Garret Ross              Freddie Hamilton         35     1   2  2  
 2 Colin Smith              Corey Cowick             Daniil Tarasov           30     1   2  2  
 3 Rylan Schwartz           Travis Ewanyk            Kory Nagy                22     1   2  2  
 4 Colin Jacobs             Troy Bourke              Greg McKegg              13     1   2  2  

5 vs 5 Defense 
   Defense                  Defense                                           Time % Phy DF OF 
 1 Oscar Klefbom            Klas Dahlbeck                                     35     1   2  2  
 2 Scott Mayfield           Brandon Davidson                                  30     1   2  2  
 3 Seth Helgeson            Rasmus Rissanen                                   22     1   2  2  
 4 Joel Edmundson           Oscar Klefbom                                     13     1   2  2  

PowerPlay Forward 
   Center                   Left Wing                Right Wing               Time % Phy DF OF 
 1 Greg McKegg              Garret Ross              Freddie Hamilton         60     1   2  2  
 2 Colin Smith              Corey Cowick             Daniil Tarasov           40     1   2  2  

PowerPlay Defense
   Defense                  Defense                                           Time % Phy DF OF 
 1 Oscar Klefbom            Klas Dahlbeck                                     60     1   2  2  
 2 Scott Mayfield           Brandon Davidson                                  40     1   2  2  

Penalty Kill 4 Players Forward 
   Center                   Wing                     Time % Phy DF OF 
 1 Greg McKegg              Freddie Hamilton         60     1   2  2  
 2 Garret Ross              Daniil Tarasov           40     1   2  2  

Penalty Kill 4 Players Defense
   Defense                  Defense                  Time % Phy DF OF 
 1 Oscar Klefbom            Klas Dahlbeck            60     1   2  2  
 2 Scott Mayfield           Brandon Davidson         40     1   2  2  

Penalty Kill - 3 Players Forward 
   Forward                                           Time % Phy DF OF 
 1 Greg McKegg                                       60     1   2  2  
 2 Freddie Hamilton                                  40     1   2  2  

Penalty Kill - 3 Players Defense
   Defense                  Defense                  Time % Phy DF OF 
 1 Oscar Klefbom            Klas Dahlbeck            60     1   2  2  
 2 Scott Mayfield           Brandon Davidson         40     1   2  2  

4 vs 4 Forward 
   Center                   Wing                     Time % Phy DF OF 
 1 Greg McKegg              Freddie Hamilton         60     1   2  2  
 2 Garret Ross              Daniil Tarasov           40     1   2  2  

4 vs 4 Defense
   Defense                  Defense                  Time % Phy DF OF 
 1 Oscar Klefbom            Klas Dahlbeck            60     1   2  2  
 2 Scott Mayfield           Brandon Davidson         40     1   2  2  

Last Minutes Offensive
   Center                   Left Wing                Right Wing               Defense                  Defense                  
   Greg McKegg              Garret Ross              Freddie Hamilton         Oscar Klefbom            Klas Dahlbeck            

Last Minutes Defensive
   Center                   Left Wing                Right Wing               Defense                  Defense                  
   Greg McKegg              Garret Ross              Freddie Hamilton         Oscar Klefbom            Klas Dahlbeck            

Goaltenders
Starting : Nathan Lieuwen           
Backup : Kristers Gudlevskis      

Extra Forwards
Normal : Rylan Schwartz, Travis Ewanyk, Kory Nagy - PP : Rylan Schwartz, Travis Ewanyk - PK : Kory Nagy
Extra Defensemen
Normal : Seth Helgeson, Rasmus Rissanen, Joel Edmundson - PP : Seth Helgeson - PK : Rasmus Rissanen, Joel Edmundson
Penalty Shots
Greg McKegg, Freddie Hamilton, Garret Ross, Daniil Tarasov, Colin Smith

Senators

5 vs 5 Forward 
   Center                   Left Wing                Right Wing               Time % Phy DF OF 
 1 Kyle Chipchura           Emerson Etem             Mike Brown               35     1   2  2  
 2 Martin St. Pierre        Josh Leivo               Colton Orr               30     1   2  2  
 3 Daine Todd               David Broll              Greg Nemisz              22     1   2  2  
 4 Evan Trupp               Emerson Etem             Tyler Biggs              13     1   2  2  

5 vs 5 Defense 
   Defense                  Defense                                           Time % Phy DF OF 
 1 John Scott               Steve Eminger                                     35     1   2  2  
 2 Korbinian Holzer         Greg Pateryn                                      30     1   2  2  
 3 Jesse Blacker            Andrew MacWilliam                                 22     1   2  2  
 4 John Scott               Steve Eminger                                     13     1   2  2  

PowerPlay Forward 
   Center                   Left Wing                Right Wing               Time % Phy DF OF 
 1 Kyle Chipchura           Emerson Etem             Mike Brown               60     1   2  2  
 2 Martin St. Pierre        Josh Leivo               Colton Orr               40     1   2  2  

PowerPlay Defense
   Defense                  Defense                                           Time % Phy DF OF 
 1 John Scott               Steve Eminger                                     60     1   2  2  
 2 Korbinian Holzer         Greg Pateryn                                      40     1   2  2  

Penalty Kill 4 Players Forward 
   Center                   Wing                     Time % Phy DF OF 
 1 Emerson Etem             Kyle Chipchura           60     1   2  2  
 2 Mike Brown               Colton Orr               40     1   2  2  

Penalty Kill 4 Players Defense
   Defense                  Defense                  Time % Phy DF OF 
 1 John Scott               Steve Eminger            60     1   2  2  
 2 Korbinian Holzer         Greg Pateryn             40     1   2  2  

Penalty Kill - 3 Players Forward 
   Forward                                           Time % Phy DF OF 
 1 Emerson Etem                                      60     1   2  2  
 2 Kyle Chipchura                                    40     1   2  2  

Penalty Kill - 3 Players Defense
   Defense                  Defense                  Time % Phy DF OF 
 1 John Scott               Steve Eminger            60     1   2  2  
 2 Korbinian Holzer         Greg Pateryn             40     1   2  2  

4 vs 4 Forward 
   Center                   Wing                     Time % Phy DF OF 
 1 Emerson Etem             Kyle Chipchura           60     1   2  2  
 2 Mike Brown               Colton Orr               40     1   2  2  

4 vs 4 Defense
   Defense                  Defense                  Time % Phy DF OF 
 1 John Scott               Steve Eminger            60     1   2  2  
 2 Korbinian Holzer         Greg Pateryn             40     1   2  2  

Last Minutes Offensive
   Center                   Left Wing                Right Wing               Defense                  Defense                  
   Kyle Chipchura           Emerson Etem             Mike Brown               John Scott               Steve Eminger            

Last Minutes Defensive
   Center                   Left Wing                Right Wing               Defense                  Defense                  
   Kyle Chipchura           Emerson Etem             Mike Brown               John Scott               Steve Eminger            

Goaltenders
Starting : Jean-Francois Berube     
Backup : Cedrick Desjardins       

Extra Forwards
Normal : Daine Todd, Greg Nemisz, Tyler Biggs - PP : Daine Todd, Greg Nemisz - PK : Tyler Biggs
Extra Defensemen
Normal : Jesse Blacker, Andrew MacWilliam, Korbinian Holzer - PP : Jesse Blacker - PK : Andrew MacWilliam, Korbinian Holzer
Penalty Shots
Emerson Etem, John Scott, Kyle Chipchura, Mike Brown, Colton Orr

% Time on Ice - Ice Caps

Lines # - Real PCT - Wanted PCT - Time Play
Normal Forward
1 - 24% - 35% - 11:48
2 - 31% - 30% - 15:37
3 - 27% - 22% - 13:38
4 - 18% - 13% - 8:44
Normal Defense
1 - 28% - 35% - 14:07
2 - 33% - 30% - 16:14
3 - 30% - 22% - 15:02
4 - 9% - 13% - 4:24
PP Forward
1 - 51% - 60% - 2:01
2 - 49% - 40% - 1:57
PP Defense
1 - 50% - 60% - 1:59
2 - 50% - 40% - 1:59
PK Forward
1 - 85% - 60% - 5:18
2 - 15% - 40% - 0:57
PK Defense
1 - 64% - 60% - 4:00
2 - 36% - 40% - 2:15
PK3 Forward
1 - 0% - 60%
2 - 0% - 40%
PK3 Defense
1 - 0% - 60%
2 - 0% - 40%
44 Forward
1 - 100% - 60% - 5:00
2 - 0% - 40% - 0:00
44 Defense
1 - 57% - 60% - 2:50
2 - 43% - 40% - 2:10
Last Minute Offensive  - 0:00
Last Minute Defensive  - 0:00
Total
Forward - 65:00
Defense - 65:00

% Time on Ice - Senators

Lines # - Real PCT - Wanted PCT - Time Play
Normal Forward
1 - 22% - 35% - 11:10
2 - 31% - 30% - 15:40
3 - 30% - 22% - 14:56
4 - 16% - 13% - 8:01
Normal Defense
1 - 30% - 35% - 14:51
2 - 34% - 30% - 17:06
3 - 31% - 22% - 15:26
4 - 5% - 13% - 2:24
PP Forward
1 - 53% - 60% - 3:18
2 - 47% - 40% - 2:57
PP Defense
1 - 49% - 60% - 3:03
2 - 51% - 40% - 3:12
PK Forward
1 - 79% - 60% - 3:09
2 - 21% - 40% - 0:49
PK Defense
1 - 71% - 60% - 2:49
2 - 29% - 40% - 1:09
PK3 Forward
1 - 0% - 60%
2 - 0% - 40%
PK3 Defense
1 - 0% - 60%
2 - 0% - 40%
44 Forward
1 - 100% - 60% - 5:00
2 - 0% - 40% - 0:00
44 Defense
1 - 57% - 60% - 2:51
2 - 43% - 40% - 2:09
Last Minute Offensive  - 0:00
Last Minute Defensive  - 0:00
Total
Forward - 65:00
Defense - 65:00

Play by Play

1st period


0:01 of 1st period - Greg McKegg wins face-off versus Kyle Chipchura in neutral zone.
0:04 of 1st period - Mike Brown is hit by Freddie Hamilton and loses puck.
0:11 of 1st period - Backhand shot by Steve Eminger.
0:11 of 1st period - Shot Blocked by Klas Dahlbeck.
0:17 of 1st period - Wrist shot by Mike Brown.
0:17 of 1st period - Shot Blocked by Oscar Klefbom.
0:19 of 1st period - Snap shot by Emerson Etem.
0:19 of 1st period - Shot Misses the Net.
0:21 of 1st period - Snap shot by Emerson Etem.
0:21 of 1st period - Shot Misses the Net.
0:23 of 1st period - Wrist shot by Steve Eminger.
0:23 of 1st period - Shot Misses the Net.
0:25 of 1st period - Snap shot by Steve Eminger.
0:25 of 1st period - Deflect By Mike Brown.
0:25 of 1st period - Stopped by Nathan Lieuwen without a rebound.
0:26 of 1st period - Colin Smith wins face-off versus Martin St. Pierre in Ice Caps zone.
0:26 of 1st period - Colin Smith is hit by Martin St. Pierre.
0:27 of 1st period - Colton Orr and Scott Mayfield fight to a draw.
0:27 of 1st period - Penalty to Colton Orr for Fighting.
0:27 of 1st period - Penalty to Scott Mayfield for Fighting.
0:28 of 1st period - Martin St. Pierre wins face-off versus Colin Smith in Ice Caps zone.
0:39 of 1st period - Wrist shot by Martin St. Pierre.
0:39 of 1st period - Shot Misses the Net.
0:47 of 1st period - Martin St. Pierre is hit by Corey Cowick and loses puck.
1:03 of 1st period - Off-side.
1:04 of 1st period - Rylan Schwartz wins face-off versus Evan Trupp in neutral zone.
3:18 of 1st period - Brandon Davidson is hit by Josh Leivo and loses puck.
3:25 of 1st period - Snap shot by Martin St. Pierre.
3:25 of 1st period - Stopped by Nathan Lieuwen without a rebound.
3:26 of 1st period - Kyle Chipchura wins face-off versus Rylan Schwartz in Ice Caps zone.
4:13 of 1st period - Snap shot by Josh Leivo.
4:13 of 1st period - Stopped by Nathan Lieuwen with a rebound.
4:35 of 1st period - Garret Ross is hit by Jesse Blacker and loses puck.
4:45 of 1st period - Snap shot by Freddie Hamilton.
4:45 of 1st period - Stopped by Jean-Francois Berube with a rebound.
4:47 of 1st period - Wrist shot by Greg McKegg.
4:47 of 1st period - Stopped by Jean-Francois Berube without a rebound.
4:48 of 1st period - Kyle Chipchura wins face-off versus Greg McKegg in Senators zone.
5:40 of 1st period - Snap shot by Colin Smith.
5:40 of 1st period - Stopped by Jean-Francois Berube with a rebound.
6:12 of 1st period - Slapshot by Oscar Klefbom.
6:12 of 1st period - Deflect By Emerson Etem.
6:12 of 1st period - Stopped by Jean-Francois Berube without a rebound.
6:13 of 1st period - Daine Todd wins face-off versus Colin Jacobs in Senators zone.
6:28 of 1st period - Korbinian Holzer is hit by Colin Jacobs and loses puck.
6:39 of 1st period - Greg Nemisz is hit by Klas Dahlbeck and loses puck.
7:23 of 1st period - Wrist shot by Colin Smith.
7:23 of 1st period - Shot Blocked by Greg Pateryn.
7:56 of 1st period - Wrist shot by Colton Orr.
7:56 of 1st period - Shot Misses the Net.
7:58 of 1st period - Slapshot by Jesse Blacker.
7:58 of 1st period - Deflect By Josh Leivo.
7:58 of 1st period - Stopped by Nathan Lieuwen without a rebound.
7:59 of 1st period - Greg McKegg wins face-off versus Martin St. Pierre in Ice Caps zone.
8:07 of 1st period - Minor Penalty to Andrew MacWilliam for Diving.
8:08 of 1st period - Colin Smith wins face-off versus Emerson Etem in Senators zone.
8:14 of 1st period - Slapshot by Oscar Klefbom.
8:14 of 1st period - Deflect By Daniil Tarasov.
8:14 of 1st period - Shot Misses the Net.
8:14 of 1st period - Puck is out of play.
8:15 of 1st period - Colin Smith wins face-off versus Emerson Etem in Senators zone.
8:30 of 1st period - Slapshot by Oscar Klefbom.
8:30 of 1st period - Stopped by Jean-Francois Berube without a rebound.
8:31 of 1st period - Greg McKegg wins face-off versus Emerson Etem in Senators zone.
9:15 of 1st period - Wrist shot by Daniil Tarasov.
9:15 of 1st period - Stopped by Jean-Francois Berube with a rebound.
9:17 of 1st period - Slapshot by Daniil Tarasov.
9:17 of 1st period - Stopped by Jean-Francois Berube without a rebound.
9:18 of 1st period - Colin Smith wins face-off versus Emerson Etem in Senators zone.
9:23 of 1st period - Snap shot by Daniil Tarasov.
9:23 of 1st period - Shot Misses the Net.
10:07 of 1st period - Penalty to Andrew MacWilliam is over, Andrew MacWilliam is back on ice.
10:13 of 1st period - Travis Ewanyk is hit by Mike Brown and loses puck.
11:05 of 1st period - Backhand shot by Oscar Klefbom.
11:05 of 1st period - Stopped by Jean-Francois Berube with a rebound.
11:33 of 1st period - Slapshot by Oscar Klefbom.
11:33 of 1st period - Shot Blocked by Steve Eminger.
11:35 of 1st period - Wrist shot by Colin Smith.
11:35 of 1st period - Shot Blocked by John Scott.
11:37 of 1st period - Snap shot by Corey Cowick.
11:37 of 1st period - Shot Misses the Net.
11:55 of 1st period - Josh Leivo is hit by Freddie Hamilton and loses puck.
12:46 of 1st period - Greg Pateryn is hit by Kory Nagy.
13:05 of 1st period - Korbinian Holzer is hit by Daniil Tarasov and loses puck.
13:58 of 1st period - Tyler Biggs is hit by Colin Smith and loses puck.
14:10 of 1st period - Icing by Greg Pateryn.
14:11 of 1st period - Travis Ewanyk wins face-off versus Evan Trupp in Senators zone.
14:28 of 1st period - Wrist shot by Freddie Hamilton.
14:28 of 1st period - Shot Blocked by Korbinian Holzer.
14:37 of 1st period - Off-side.
14:38 of 1st period - Colin Jacobs wins face-off versus Kyle Chipchura in neutral zone.
14:50 of 1st period - Off-side.
14:51 of 1st period - Colin Jacobs wins face-off versus Kyle Chipchura in neutral zone.
15:50 of 1st period - Slapshot by Josh Leivo.
15:50 of 1st period - Shot Misses the Net.
15:52 of 1st period - Slapshot by Steve Eminger.
15:52 of 1st period - Shot Blocked by Rylan Schwartz.
15:59 of 1st period - Icing by Klas Dahlbeck.
16:00 of 1st period - Rylan Schwartz wins face-off versus David Broll in Ice Caps zone.
16:08 of 1st period - Icing by Daine Todd.
16:09 of 1st period - Colin Smith wins face-off versus Daine Todd in Senators zone.
16:21 of 1st period - Icing by Greg Pateryn.
16:22 of 1st period - Colin Smith wins face-off versus Daine Todd in Senators zone.
16:43 of 1st period - Wrist shot by Daine Todd.
16:43 of 1st period - Shot Misses the Net.
17:14 of 1st period - Emerson Etem is hit by Garret Ross and loses puck.
17:27 of 1st period - Steve Eminger is hit by Freddie Hamilton and loses puck.
17:38 of 1st period - Slapshot by Garret Ross.
17:38 of 1st period - Stopped by Jean-Francois Berube with a rebound.
17:52 of 1st period - Slapshot by Colton Orr.
17:52 of 1st period - Deflect By Martin St. Pierre.
17:52 of 1st period - Shot Misses the Net.
17:52 of 1st period - Puck is out of play.
17:53 of 1st period - David Broll wins face-off versus Rylan Schwartz in Ice Caps zone.
18:40 of 1st period - Kyle Chipchura is hit by Greg McKegg and loses puck.
18:55 of 1st period - John Scott is hit by Klas Dahlbeck and loses puck.
19:19 of 1st period - Colton Orr and Seth Helgeson fight to a draw.
19:19 of 1st period - Penalty to Colton Orr for Fighting.
19:19 of 1st period - Penalty to Seth Helgeson for Fighting.
19:20 of 1st period - Martin St. Pierre wins face-off versus Colin Smith in Ice Caps zone.
19:49 of 1st period - Snap shot by Daniil Tarasov.
19:49 of 1st period - Deflect By Corey Cowick.
19:49 of 1st period - Stopped by Jean-Francois Berube with a rebound.
Goals for this period are 0 for Ice Caps vs 0 for Senators.
Shots for this period are 10 for Ice Caps vs 4 for Senators.

2nd period


0:01 of 2nd period - Freddie Hamilton wins face-off versus Kyle Chipchura in neutral zone.
1:20 of 2nd period - Snap shot by Daine Todd.
1:20 of 2nd period - Shot Misses the Net.
1:22 of 2nd period - Snap shot by Daine Todd.
1:22 of 2nd period - Shot Misses the Net.
1:24 of 2nd period - Slapshot by Jesse Blacker.
1:24 of 2nd period - Shot Blocked by Oscar Klefbom.
1:26 of 2nd period - Snap shot by Daine Todd.
1:26 of 2nd period - Shot Misses the Net.
1:28 of 2nd period - Slapshot by Jesse Blacker.
1:28 of 2nd period - Stopped by Nathan Lieuwen with a rebound.
1:30 of 2nd period - Snap shot by Josh Leivo.
1:30 of 2nd period - Stopped by Nathan Lieuwen with a rebound.
1:32 of 2nd period - Wrist shot by Martin St. Pierre.
1:32 of 2nd period - Shot Blocked by Klas Dahlbeck.
1:52 of 2nd period - Klas Dahlbeck is hit by David Broll and loses puck.
2:01 of 2nd period - Wrist shot by Daine Todd.
2:01 of 2nd period - Deflect By David Broll.
2:01 of 2nd period - Shot Blocked by Oscar Klefbom.
2:01 of 2nd period - Puck is out of play.
2:02 of 2nd period - Rylan Schwartz wins face-off versus Daine Todd in Ice Caps zone.
2:07 of 2nd period - Wrist shot by Travis Ewanyk.
2:07 of 2nd period - Stopped by Jean-Francois Berube without a rebound.
2:08 of 2nd period - Evan Trupp wins face-off versus Rylan Schwartz in Senators zone.
2:08 of 2nd period - Evan Trupp is hit by Travis Ewanyk.
3:18 of 2nd period - Emerson Etem is hit by Freddie Hamilton and loses puck.
3:37 of 2nd period - Snap shot by Greg McKegg.
3:37 of 2nd period - Shot Misses the Net.
4:09 of 2nd period - Josh Leivo is hit by Greg McKegg and loses puck.
4:29 of 2nd period - Daine Todd is hit by Colin Smith and loses puck.
5:27 of 2nd period - Andrew MacWilliam is hit by Travis Ewanyk.
5:53 of 2nd period - Slapshot by Oscar Klefbom.
5:53 of 2nd period - Shot Blocked by Steve Eminger.
5:55 of 2nd period - Minor Penalty to John Scott for Hooking.
5:56 of 2nd period - Greg McKegg wins face-off versus Emerson Etem in Senators zone.
6:44 of 2nd period - Steve Eminger is hit by Corey Cowick and loses puck.
7:31 of 2nd period - Rylan Schwartz is hit by Tyler Biggs.
7:53 of 2nd period - Slapshot by Greg Pateryn.
7:53 of 2nd period - Deflect By Martin St. Pierre.
7:53 of 2nd period - Stopped by Nathan Lieuwen with a rebound.
7:55 of 2nd period - Penalty to John Scott is over, John Scott is back on ice.
8:21 of 2nd period - Slapshot by Daine Todd.
8:21 of 2nd period - Stopped by Nathan Lieuwen with a rebound.
8:23 of 2nd period - Snap shot by Daine Todd.
8:23 of 2nd period - Shot Hit the Post.
8:25 of 2nd period - Wrist shot by Greg Nemisz.
8:25 of 2nd period - Stopped by Nathan Lieuwen with a rebound.
8:27 of 2nd period - Snap shot by Daine Todd.
8:27 of 2nd period - Deflect By David Broll.
8:27 of 2nd period - Stopped by Nathan Lieuwen without a rebound.
8:28 of 2nd period - Rylan Schwartz wins face-off versus Martin St. Pierre in Ice Caps zone.
8:28 of 2nd period - Rylan Schwartz is hit by John Scott.
8:46 of 2nd period - Snap shot by Colton Orr.
8:46 of 2nd period - Stopped by Nathan Lieuwen with a rebound.
8:48 of 2nd period - Slapshot by Josh Leivo.
8:48 of 2nd period - Deflect By Rylan Schwartz.
8:48 of 2nd period - Stopped by Nathan Lieuwen with a rebound.
8:50 of 2nd period - Wrist shot by Korbinian Holzer.
8:50 of 2nd period - Shot Hit the Post.
8:52 of 2nd period - Slapshot by Korbinian Holzer.
8:52 of 2nd period - Stopped by Nathan Lieuwen with a rebound.
8:54 of 2nd period - Wrist shot by Colton Orr.
8:54 of 2nd period - Deflect By Josh Leivo.
8:54 of 2nd period - Stopped by Nathan Lieuwen with a rebound.
9:20 of 2nd period - Travis Ewanyk is hit by David Broll and loses puck.
9:42 of 2nd period - Minor Penalty to Travis Ewanyk for Tripping.
9:43 of 2nd period - Martin St. Pierre wins face-off versus Greg McKegg in Ice Caps zone.
10:26 of 2nd period - Wrist shot by Freddie Hamilton.
10:26 of 2nd period - Shot Misses the Net.
10:28 of 2nd period - Slapshot by Klas Dahlbeck.
10:28 of 2nd period - Shot Blocked by Greg Pateryn.
10:30 of 2nd period - Snap shot by Freddie Hamilton.
10:30 of 2nd period - Stopped by Jean-Francois Berube without a rebound.
10:31 of 2nd period - Greg McKegg wins face-off versus Kyle Chipchura in Senators zone.
10:58 of 2nd period - Corey Cowick is hit by Colton Orr and loses puck.
11:42 of 2nd period - Penalty to Travis Ewanyk is over, Travis Ewanyk is back on ice.
12:12 of 2nd period - Daniil Tarasov is hit by David Broll and loses puck.
12:34 of 2nd period - Off-side.
12:35 of 2nd period - Rylan Schwartz wins face-off versus Evan Trupp in neutral zone.
12:46 of 2nd period - Kory Nagy is hit by Greg Pateryn.
13:39 of 2nd period - Slapshot by Oscar Klefbom.
13:39 of 2nd period - Deflect By Troy Bourke.
13:39 of 2nd period - Shot Blocked by Josh Leivo.
13:39 of 2nd period - Puck is out of play.
13:40 of 2nd period - Colin Jacobs wins face-off versus Martin St. Pierre in Senators zone.
13:41 of 2nd period - Slapshot by Oscar Klefbom.
13:41 of 2nd period - Shot Hit the Post.
13:43 of 2nd period - Wrist shot by Klas Dahlbeck.
13:43 of 2nd period - Shot Blocked by Jesse Blacker.
13:45 of 2nd period - Slapshot by Klas Dahlbeck.
13:45 of 2nd period - Stopped by Jean-Francois Berube with a rebound.
13:51 of 2nd period - Slapshot by Oscar Klefbom.
13:51 of 2nd period - Shot Misses the Net.
13:57 of 2nd period - Slapshot by Oscar Klefbom.
13:57 of 2nd period - Deflect By Colin Jacobs.
13:57 of 2nd period - Shot Misses the Net.
13:57 of 2nd period - Puck is out of play.
13:58 of 2nd period - Greg McKegg wins face-off versus Kyle Chipchura in Senators zone.
14:01 of 2nd period - Snap shot by Freddie Hamilton.
14:01 of 2nd period - Shot Blocked by Emerson Etem.
14:35 of 2nd period - Snap shot by Greg Nemisz.
14:35 of 2nd period - Shot Misses the Net.
14:52 of 2nd period - Slapshot by Greg Pateryn.
14:52 of 2nd period - Deflect By Greg Nemisz.
14:52 of 2nd period - Stopped by Nathan Lieuwen without a rebound.
14:53 of 2nd period - Colin Smith wins face-off versus Tyler Biggs in Ice Caps zone.
14:53 of 2nd period - Colin Smith is hit by Andrew MacWilliam.
15:44 of 2nd period - Martin St. Pierre is hit by Klas Dahlbeck and loses puck.
15:57 of 2nd period - Wrist shot by Troy Bourke.
15:57 of 2nd period - Shot Misses the Net.
16:13 of 2nd period - Seth Helgeson is hit by Andrew MacWilliam and loses puck.
16:46 of 2nd period - Snap shot by Freddie Hamilton.
16:46 of 2nd period - Deflect By Garret Ross.
16:46 of 2nd period - Shot Misses the Net.
16:46 of 2nd period - Puck is out of play.
16:47 of 2nd period - Kyle Chipchura wins face-off versus Greg McKegg in Senators zone.
17:05 of 2nd period - Minor Penalty to Brandon Davidson for Tripping.
17:06 of 2nd period - Martin St. Pierre wins face-off versus Greg McKegg in Ice Caps zone.
17:23 of 2nd period - Snap shot by Colton Orr.
17:23 of 2nd period - Goal by Colton Orr - Ice Caps : 0 - Senators : 1.
17:24 of 2nd period - Daine Todd wins face-off versus Rylan Schwartz in neutral zone.
17:41 of 2nd period - Oscar Klefbom is hit by David Broll and loses puck.
18:18 of 2nd period - Mike Brown is hit by Colin Smith and loses puck.
19:17 of 2nd period - Wrist shot by Martin St. Pierre.
19:17 of 2nd period - Stopped by Nathan Lieuwen without a rebound.
19:18 of 2nd period - Evan Trupp wins face-off versus Rylan Schwartz in Ice Caps zone.
19:25 of 2nd period - Snap shot by Emerson Etem.
19:25 of 2nd period - Stopped by Nathan Lieuwen with a rebound.
19:27 of 2nd period - Slapshot by Andrew MacWilliam.
19:27 of 2nd period - Stopped by Nathan Lieuwen with a rebound.
19:29 of 2nd period - Slapshot by Andrew MacWilliam.
19:29 of 2nd period - Deflect By Emerson Etem.
19:29 of 2nd period - Shot Misses the Net.
19:29 of 2nd period - Puck is out of play.
19:30 of 2nd period - Rylan Schwartz wins face-off versus Emerson Etem in Ice Caps zone.
19:30 of 2nd period - Rylan Schwartz is hit by Tyler Biggs.
Goals for this period are 0 for Ice Caps vs 1 for Senators.
Shots for this period are 3 for Ice Caps vs 15 for Senators.

3rd period


0:01 of 3rd period - Greg McKegg wins face-off versus Kyle Chipchura in neutral zone.
0:03 of 3rd period - Off-side.
0:04 of 3rd period - Emerson Etem wins face-off versus Greg McKegg in neutral zone.
1:48 of 3rd period - Minor Penalty to Scott Mayfield for High sticking.
1:49 of 3rd period - Kyle Chipchura wins face-off versus Greg McKegg in Ice Caps zone.
2:14 of 3rd period - Rasmus Rissanen is hit by Kyle Chipchura and loses puck.
2:35 of 3rd period - Snap shot by Martin St. Pierre.
2:35 of 3rd period - Stopped by Nathan Lieuwen with a rebound.
2:37 of 3rd period - Snap shot by Colton Orr.
2:37 of 3rd period - Shot Misses the Net.
2:39 of 3rd period - Slapshot by Korbinian Holzer.
2:39 of 3rd period - Stopped by Nathan Lieuwen with a rebound.
2:41 of 3rd period - Wrist shot by Josh Leivo.
2:41 of 3rd period - Deflect By Colton Orr.
2:41 of 3rd period - Shot Misses the Net.
2:41 of 3rd period - Puck is out of play.
2:42 of 3rd period - Kory Nagy wins face-off versus Martin St. Pierre in Ice Caps zone.
3:41 of 3rd period - Corey Cowick is hit by Mike Brown.
3:48 of 3rd period - Penalty to Scott Mayfield is over, Scott Mayfield is back on ice.
3:59 of 3rd period - Off-side.
4:00 of 3rd period - Daine Todd wins face-off versus Rylan Schwartz in neutral zone.
4:23 of 3rd period - Wrist shot by Oscar Klefbom.
4:23 of 3rd period - Deflect By Kory Nagy.
4:23 of 3rd period - Stopped by Jean-Francois Berube with a rebound.
4:27 of 3rd period - Snap shot by Travis Ewanyk.
4:27 of 3rd period - Stopped by Jean-Francois Berube with a rebound.
4:29 of 3rd period - Slapshot by Oscar Klefbom.
4:29 of 3rd period - Stopped by Jean-Francois Berube with a rebound.
4:46 of 3rd period - Wrist shot by Daniil Tarasov.
4:46 of 3rd period - Deflect By Greg Nemisz.
4:46 of 3rd period - Stopped by Jean-Francois Berube with a rebound.
4:48 of 3rd period - Snap shot by Scott Mayfield.
4:48 of 3rd period - Shot Blocked by Steve Eminger.
4:50 of 3rd period - Slapshot by Scott Mayfield.
4:50 of 3rd period - Shot Misses the Net.
5:25 of 3rd period - Greg McKegg is hit by Colton Orr and loses puck.
5:52 of 3rd period - Josh Leivo is hit by Travis Ewanyk.
6:04 of 3rd period - Evan Trupp is hit by Rylan Schwartz and loses puck.
6:19 of 3rd period - Greg McKegg is hit by Evan Trupp and loses puck.
6:27 of 3rd period - Slapshot by Oscar Klefbom.
6:27 of 3rd period - Shot Hit the Post.
6:39 of 3rd period - Slapshot by Oscar Klefbom.
6:39 of 3rd period - Deflect By Jesse Blacker.
6:39 of 3rd period - Stopped by Jean-Francois Berube with a rebound.
7:22 of 3rd period - Snap shot by Josh Leivo.
7:22 of 3rd period - Shot Misses the Net.
7:24 of 3rd period - Slapshot by Korbinian Holzer.
7:24 of 3rd period - Shot Misses the Net.
7:26 of 3rd period - Snap shot by Josh Leivo.
7:26 of 3rd period - Stopped by Nathan Lieuwen with a rebound.
7:47 of 3rd period - Troy Bourke is hit by Greg Pateryn and loses puck.
8:19 of 3rd period - Wrist shot by Garret Ross.
8:19 of 3rd period - Stopped by Jean-Francois Berube without a rebound.
8:20 of 3rd period - Garret Ross wins face-off versus Kyle Chipchura in Senators zone.
8:45 of 3rd period - Snap shot by Rasmus Rissanen.
8:45 of 3rd period - Stopped by Jean-Francois Berube with a rebound.
9:03 of 3rd period - Wrist shot by Oscar Klefbom.
9:03 of 3rd period - Goal by Oscar Klefbom - Ice Caps : 1 - Senators : 1.
9:04 of 3rd period - Colin Smith wins face-off versus Martin St. Pierre in neutral zone.
9:19 of 3rd period - Wrist shot by Martin St. Pierre.
9:19 of 3rd period - Shot Blocked by Corey Cowick.
9:47 of 3rd period - Minor Penalty to Scott Mayfield for Hooking.
9:48 of 3rd period - Martin St. Pierre wins face-off versus Greg McKegg in Ice Caps zone.
9:51 of 3rd period - Snap shot by Colton Orr.
9:51 of 3rd period - Deflect By Martin St. Pierre.
9:51 of 3rd period - Shot Misses the Net.
9:51 of 3rd period - Puck is out of play.
9:52 of 3rd period - Greg McKegg wins face-off versus Josh Leivo in Ice Caps zone.
9:59 of 3rd period - Snap shot by Josh Leivo.
9:59 of 3rd period - Stopped by Nathan Lieuwen with a rebound.
10:25 of 3rd period - Greg Pateryn is hit by Greg McKegg and loses puck.
10:44 of 3rd period - Oscar Klefbom is hit by Martin St. Pierre.
11:21 of 3rd period - Snap shot by Emerson Etem.
11:21 of 3rd period - Stopped by Nathan Lieuwen with a rebound.
11:35 of 3rd period - Mike Brown is hit by Freddie Hamilton and loses puck.
11:47 of 3rd period - Penalty to Scott Mayfield is over, Scott Mayfield is back on ice.
11:58 of 3rd period - Snap shot by Greg Nemisz.
11:58 of 3rd period - Stopped by Nathan Lieuwen with a rebound.
12:06 of 3rd period - Slapshot by Daine Todd.
12:06 of 3rd period - Stopped by Nathan Lieuwen without a rebound.
12:07 of 3rd period - Daine Todd wins face-off versus Colin Smith in Ice Caps zone.
12:16 of 3rd period - Snap shot by Corey Cowick.
12:16 of 3rd period - Shot Blocked by Jesse Blacker.
13:31 of 3rd period - Off-side.
13:32 of 3rd period - Daine Todd wins face-off versus Colin Jacobs in neutral zone.
13:35 of 3rd period - Slapshot by John Scott.
13:35 of 3rd period - Shot Blocked by Scott Mayfield.
13:45 of 3rd period - Wrist shot by Troy Bourke.
13:45 of 3rd period - Shot Blocked by John Scott.
13:47 of 3rd period - Wrist shot by Troy Bourke.
13:47 of 3rd period - Shot Blocked by Daine Todd.
14:36 of 3rd period - Korbinian Holzer is hit by Kory Nagy and loses puck.
15:46 of 3rd period - Slapshot by Colton Orr.
15:46 of 3rd period - Shot Misses the Net.
15:52 of 3rd period - Wrist shot by Josh Leivo.
15:52 of 3rd period - Stopped by Nathan Lieuwen with a rebound.
15:54 of 3rd period - Slapshot by Jesse Blacker.
15:54 of 3rd period - Shot Blocked by Brandon Davidson.
16:16 of 3rd period - Colin Smith is hit by Evan Trupp.
16:30 of 3rd period - John Scott is hit by Klas Dahlbeck and loses puck.
17:15 of 3rd period - Emerson Etem is hit by Colin Smith and loses puck.
17:24 of 3rd period - Slapshot by Korbinian Holzer.
17:24 of 3rd period - Shot Blocked by Rasmus Rissanen.
18:41 of 3rd period - Snap shot by Mike Brown.
18:41 of 3rd period - Stopped by Nathan Lieuwen with a rebound.
18:43 of 3rd period - Snap shot by Mike Brown.
18:43 of 3rd period - Stopped by Nathan Lieuwen with a rebound.
18:45 of 3rd period - Slapshot by John Scott.
18:45 of 3rd period - Deflect By Oscar Klefbom.
18:45 of 3rd period - Stopped by Nathan Lieuwen with a rebound.
19:01 of 3rd period - Brandon Davidson is hit by Steve Eminger and loses puck.
19:53 of 3rd period - Slapshot by Oscar Klefbom.
19:53 of 3rd period - Stopped by Jean-Francois Berube without a rebound.
19:54 of 3rd period - Garret Ross wins face-off versus Evan Trupp in Senators zone.
Goals for this period are 1 for Ice Caps vs 0 for Senators.
Shots for this period are 9 for Ice Caps vs 11 for Senators.

Overtime #1


0:01 of 1st overtime period - Emerson Etem wins face-off versus Greg McKegg in neutral zone.
0:26 of 1st overtime period - Slapshot by John Scott.
0:26 of 1st overtime period - Stopped by Nathan Lieuwen with a rebound.
0:52 of 1st overtime period - Klas Dahlbeck is hit by John Scott and loses puck.
1:21 of 1st overtime period - Snap shot by Emerson Etem.
1:21 of 1st overtime period - Shot Misses the Net.
1:49 of 1st overtime period - Wrist shot by Steve Eminger.
1:49 of 1st overtime period - Shot Misses the Net.
1:55 of 1st overtime period - Wrist shot by Daine Todd.
1:55 of 1st overtime period - Deflect By Greg Nemisz.
1:55 of 1st overtime period - Stopped by Nathan Lieuwen with a rebound.
2:13 of 1st overtime period - Greg Pateryn is hit by Scott Mayfield and loses puck.
2:22 of 1st overtime period - Travis Ewanyk is hit by John Scott and loses puck.
3:02 of 1st overtime period - Off-side.
3:03 of 1st overtime period - Tyler Biggs wins face-off versus Greg McKegg in neutral zone.
3:34 of 1st overtime period - Slapshot by Oscar Klefbom.
3:34 of 1st overtime period - Stopped by Jean-Francois Berube without a rebound.
3:35 of 1st overtime period - Emerson Etem wins face-off versus Kory Nagy in Senators zone.
4:15 of 1st overtime period - Steve Eminger is hit by Freddie Hamilton and loses puck.
Goals for this period are 0 for Ice Caps vs 0 for Senators.
Shots for this period are 1 for Ice Caps vs 2 for Senators.

ShootOut


5:00 of 1st overtime period - Penalty Shot by Greg McKegg for Ice Caps.
5:00 of 1st overtime period - Wrist shot by Greg McKegg.
5:00 of 1st overtime period - Goal by Greg McKegg.
5:00 of 1st overtime period - Penalty Shot by Emerson Etem for Senators.
5:00 of 1st overtime period - Snap shot by Emerson Etem.
5:00 of 1st overtime period - Stopped by Nathan Lieuwen.
5:00 of 1st overtime period - Penalty Shot by Freddie Hamilton for Ice Caps.
5:00 of 1st overtime period - Snap shot by Freddie Hamilton.
5:00 of 1st overtime period - Shot Misses the Net.
5:00 of 1st overtime period - Penalty Shot by John Scott for Senators.
5:00 of 1st overtime period - Snap shot by John Scott.
5:00 of 1st overtime period - Stopped by Nathan Lieuwen.
5:00 of 1st overtime period - Penalty Shot by Garret Ross for Ice Caps.
5:00 of 1st overtime period - Deke by Garret Ross.
5:00 of 1st overtime period - Shot Misses the Net.
5:00 of 1st overtime period - Penalty Shot by Kyle Chipchura for Senators.
5:00 of 1st overtime period - Snap shot by Kyle Chipchura.
5:00 of 1st overtime period - Shot Misses the Net.


Output by the SimonT Hockey Simulator (STHS) for Eric Dolegowski -- Original Page W3C XHTML 1.0 Valid
Hockey Simulator - Hockey Simulation - Hockey Manager